 Dungeon Crawl Stone Soup version 0.28-a0-1382-g92835e5 (webtiles) character file.

Game seed: 6284560614277508205

196 Dorkslayer the Ducker (level 5, -9/54 HPs)
             Began as an Octopode Fighter on Jan 1, 2022.
             Mangled by a black bear (11 damage)
             ... on level 4 of the Dungeon.
             The game lasted 00:08:31 (3266 turns).

Dorkslayer the Ducker (Octopode Fighter)            Turns: 3266, Time: 00:08:32

Health: -9/54      AC:  1    Str: 17    XL:     5   Next: 75%
Magic:  5/5        EV: 13    Int: 11    God:
Gold:   112        SH:  4    Dex: 11    Spells: 4/4 levels left

rFire   . . .      SeeInvis .   a - +1 long sword
rCold   . . .      Faith    .   b - +0 buckler
rNeg    + . .      Spirit   .   (helmet restricted)
rPois   .          Reflect  .   (no amulet)
rElec   .          Harm     .   p - ring of positive energy
rCorr   .          Rampage  .   (no ring)
Will    .....                   (no ring)
Stlth   ..........              (no ring)
HPRegen 0.18/turn               (no ring)
MPRegen 0.09/turn               (no ring)
                                (no ring)
                                (no ring)

@: berserking, very quick
A: almost no armour, amphibious, 8 rings, camouflage 1, gelatinous body 1,
(nimble swimmer 1), tentacles
a: no special abilities


You were on level 4 of the Dungeon.
You visited 1 branch of the dungeon, and saw 4 of its levels.

You collected 112 gold pieces.

Inventory:

Hand Weapons
 a - a +1 long sword (weapon)
 q - a +0 long sword
Missiles
 d - 16 poisoned darts
 e - a throwing net
 i - 2 boomerangs (quivered)
Armour
 b - a +0 buckler (worn)
Jewellery
 p - a ring of positive energy (left tentacle)
Wands
 l - a wand of iceblast (7)
Scrolls
 c - a scroll of blinking {unknown}
 h - 6 scrolls of teleportation {unknown}
 j - 2 scrolls of magic mapping {unknown}
 n - a scroll of acquirement {unknown}
 o - a scroll of fog {unknown}
Potions
 m - a potion of brilliance


   Skills:
 + Level 3.5 Fighting
 + Level 3.3 Long Blades
 * Level 2.5 Throwing
 + Level 3.6 Dodging
 + Level 1.7 Stealth
 + Level 3.2 Shields
 * Level 0.9 Evocations


You had 4 spell levels left.
You didn't know any spells.
Your spell library contained the following spells:

 Spells                   Type           Power      Damage    Failure   Level
 Shock                    Conj/Air       0%         1d3       36%         1
 Swiftness                Air            0%         N/A       75%         3
 Airstrike                Air            0%         N/A       98%         4
 Conjure Ball Lightning   Conj/Air       0%         3x3d6     100%        6
 Discord                  Hex            0%         N/A       100%        8
 Disjunction              Tloc           0%         N/A       100%        8


Dungeon Overview and Level Annotations

Branches:
Dungeon (4/15)
 Temple: D:4-7

Altars:
Uskayaw
Wu Jian


Innate Abilities, Weirdness & Mutations

You cannot wear most types of armour.
You are amphibious.
You can wear up to eight rings at the same time.
Your skin changes colour to match your surroundings (Stealth+).
Your rubbery body absorbs attacks. (AC +1, EV +1)
((You are camouflaged when in or above water. (Stealth+)))
You have tentacles for arms and can constrict up to eight enemies at once.


Message History

You hit the black bear.
The black bear is lightly wounded.
The black bear bites you. The black bear claws you.
* * * LOW HITPOINT WARNING * * *
The black bear closely misses you. x2; The black bear claws you.
* * * LOW HITPOINT WARNING * * *
The black bear closely misses you.
You bump into the rock wall.
The black bear bites you. The black bear closely misses you.
The black bear claws you.
* * * LOW HITPOINT WARNING * * *
You hit the black bear. You squeeze the black bear!
The black bear is severely wounded.
The black bear bites you!
* * * LOW HITPOINT WARNING * * *
The black bear claws you.
* * * LOW HITPOINT WARNING * * *
The black bear claws you.
* * * LOW HITPOINT WARNING * * *
You feel better.
You feel less invigorated. The black bear bites you. The black bear claws you.
* * * LOW HITPOINT WARNING * * *
The black bear claws you.
* * * LOW HITPOINT WARNING * * *
The black bear bites you.
* * * LOW HITPOINT WARNING * * *
The black bear barely misses you. You block the black bear's attack.
A red film seems to cover your vision as you go berserk!
You feel yourself moving faster!
You feel mighty!
The black bear bites you but does no damage.
The black bear claws you.
* * * LOW HITPOINT WARNING * * *
The black bear closely misses you.
You hit the black bear. You grab the black bear.
The black bear is severely wounded.
You constrict the black bear.
The black bear goes berserk!
You slash the black bear!
The black bear is almost dead.
You constrict the black bear, but do no damage.
The black bear bites you!
You die...

#...###.###..#####
#.#.# #.# #..#
#.#. #'###..# #.#.
+_'....# #...
#####[.# #... ###
#..# ##
#.#.#######..# #.
#.#.......)).# #.
#@#....)...#.# #.
#h#....))#.#.# ##
#g#.#....#.#.####.
#g#......#.#.##.'.
#.###....#.#.##.#.
#...g......#....##
########.###......
#..........
#..........


You could see a black bear (berserk) and 2 gnolls.

Vanquished Creatures
  Ijyb (D:3)
  An iguana (D:4)
  An orc wizard (D:4)
  Robin (D:2)
  A gnoll (D:4)
  2 adder skeletons
  A worm (D:3)
  2 dart slugs
  4 orcs (D:4)
  7 ball pythons
  A bat zombie (D:2)
  8 endoplasms
  3 giant cockroaches
  10 goblins
  11 hobgoblins
  6 jackals (D:2)
  A quokka (D:1)
  2 ball python zombies (D:2)
  6 bats
  A frilled lizard (D:2)
  A giant cockroach zombie (D:2)
  A jackal zombie (D:2)
  6 kobolds
  4 rats
82 creatures vanquished.

Vanquished Creatures (others)
  A bush (D:4)
  2 withered plants (D:2)
3 creatures vanquished.

Grand Total: 85 creatures vanquished

Notes
Turn   | Place    | Note
-------+----------+-------------------------------------------
     0 | D:1      | Dorkslayer the Octopode Fighter began the quest for the
                  | Orb.
     0 | D:1      | Reached XP level 1. HP: 16/16 MP: 1/1
   292 | D:1      | Reached XP level 2. HP: 16/21 MP: 2/2
   437 | D:1      | Found a faded altar of an unknown god.
   744 | D:1      | Reached skill level 1 in Throwing
   806 | D:1      | Reached XP level 3. HP: 26/26 MP: 3/3
  1428 | D:2      | Noticed Robin
  1443 | D:2      | Killed Robin
  1444 | D:2      | Reached XP level 4. HP: 21/31 MP: 4/4
  1769 | D:3      | Noticed Ijyb
  1770 | D:3      | Killed Ijyb
  1771 | D:3      | Reached skill level 1 in Stealth
  2264 | D:3      | Reached XP level 5. HP: 28/36 MP: 5/5
  3009 | D:4      | Found a hide-covered altar of Uskayaw.
  3196 | D:4      | Found an ornate altar of the Wu Jian Council.
  3237 | D:4      | Noticed a black bear
  3257 | D:4      | HP: 1/36 [black bear (3)]
  3264 | D:4      | HP: 2/54 [black bear (5)]
  3266 | D:4      | Mangled by a black bear

Illustrated notes

Levels and vault maps discovered:
D:1:      ncdulo_smallfort, layout_rooms, ebering_ecumenical_altar_petrified
D:2:      layout_basic, serial_undead, serial_undead_b, serial_undead_d,
          serial_undead_a, serial_undead_c, serial_undead_c, serial_undead_f,
          kennysheep_generic_room_9, uniq_robin
D:3:      layout_basic, minmay_circle_x, uniq_ijyb
D:4:      layout_basic, nicolae_wu_jian_immortal_techniques,
          lemuel_doored_altar, grunt_ministairs_2, roderic_roman_lattice,
          minmay_hedge_maze

Skill      XL: |  1  2  3  4  5 |
---------------+----------------+-----
Throwing       | 1 2 |  2.5
Stealth        | 1 |  1.7
Long Blades    | 3 |  3.3
Fighting       | |  3.5
Dodging        | |  3.6
Shields        | |  3.2
Evocations     | |  0.9

Action                   |  1- 3 |  4- 6 || total
-------------------------+-------+-------++-------
Melee: Long sword        |    67 |    59 ||   126
       Constrict         |    21 |    15 ||    36
       Tentacles         |    19 |    10 ||    29
Throw: Dart              |    38 |     7 ||    45
       Boomerang         |       |     8 ||     8
Evoke: Wand              |       |     1 ||     1
  Use: Potion            |     1 |     3 ||     4
       Scroll            |       |     5 ||     5
 Stab: Sleeping          |     3 |     7 ||    10
Armor: Skin              |     6 |     5 ||    11
Dodge: Dodged            |    47 |    37 ||    84
Block: Buckler           |    22 |    15 ||    37

Table legend: (Time is in decaauts)
 A = Elapsed time spent in this place.
 B = Non-inter-level travel time spent in this place.
 C = Inter-level travel time spent in this place.
 D = Time resting spent in this place.
 E = Time spent auto-exploring this place.
 F = Levels seen in this place.
 G = Mean time per level.
                   A        B        C        D        E       F      G
               +--------+--------+--------+--------+--------+-----+--------+
         Total |   3300 |   3300 |      0 |    594 |   1033 |   4 |  825.0 |
       Dungeon |   3300 |   3300 |      0 |    594 |   1033 |   4 |  825.0 |
               +--------+--------+--------+--------+--------+-----+--------+

Top non-repeatable levels by time:
     D:3: 979 daAuts
     D:1: 961 daAuts
     D:2: 831 daAuts
     D:4: 527 daAuts
